Pittsburgh Penguins vs Hartford Whalers
Created - Tuesday, November 19, 2024 at 08:06
Goals
|
| Pittsburgh Penguins |
2 |
0 |
1 |
3 |
| Hartford Whalers |
0 |
1 |
1 |
2 |
|
Shots
|
| Pittsburgh Penguins |
11 |
13 |
10 |
34 |
| Hartford Whalers |
5 |
8 |
3 |
16 |
|
1st period
1. Pittsburgh Penguins , Dylan Guenther 16 (Mattias Ekholm 19, Jordan Eberle 14) at 14:38
2. Pittsburgh Penguins , Pavel Buchnevich 25 (Leon Draisaitl 50, Erik Karlsson 28) at 17:35 (PP)
Penalties :
Miles Wood (HFD) for Cross-checking (Minor) at 1:10, Charlie McAvoy (HFD) for Interference (Minor) at 16:35
2nd period
3. Hartford Whalers , Nick Suzuki 37 (Jaden Schwartz 8) at 5:31
Penalties :
Jean-Gabriel Pageau (PIT) for Holding (Minor) at 0:26, Pavel Buchnevich (PIT) for Hooking (Minor) at 9:16, Tyler Myers (HFD) for Slashing (Minor) at 16:12, Erik Gudbranson (PIT) for Roughing (Minor) at 18:34
3rd period
4. Pittsburgh Penguins , Gabriel Vilardi 13 (Mattias Ekholm 20, Jake Neighbours 6) at 12:10
5. Hartford Whalers , Nick Suzuki 38 (Samuel Girard 11, Ryan McDonagh 20) at 16:12 (PP)
Penalties :
Leon Draisaitl (PIT) for Holding (Minor) at 1:46, Ryan McDonagh (HFD) for Hooking (Minor) at 12:13, Erik Gudbranson (PIT) for Holding (Minor) at 14:45
Goalie Stats
Jordan Binnington (PIT), 14 saves from 16 shots - (0.875), W, 36-17-5, 60:00 minutes
Spencer Knight (HFD), 31 saves from 34 shots - (0.912), L, 14-16-4, 58:31 minutes
Players Stats for Pittsburgh Penguins
Player Name G A P +/- PIM S H SB GA TA FO MP PP MP PK MP
------------------------------------------------------------------------------------
Blake Coleman 0 0 0 0 0 1 5 0 0 0 0/0 15:40 3:03 0:16
Brian Dumoulin 0 0 0 0 0 1 0 1 1 2 0/0 17:58 0:00 4:50
Brock Faber 0 0 0 0 0 2 4 2 0 1 0/0 22:20 3:10 4:50
Dylan Guenther 1 0 1 1 0 4 2 0 0 0 1/2 11:50 0:00 1:41
Erik Gudbranson 0 0 0 0 4 0 1 1 0 0 0/0 13:52 0:00 0:00
Erik Karlsson 0 1 1 1 0 1 0 0 0 0 0/0 24:27 3:47 4:33
Gabriel Vilardi 1 0 1 1 0 2 2 0 0 0 0/1 7:31 0:00 0:00
Jake Neighbours 0 1 1 1 0 1 2 0 0 0 0/0 8:38 0:25 0:00
James van Riemsdyk 0 0 0 1 0 1 0 0 1 0 0/0 7:31 0:00 0:00
Jean-Gabriel Pageau 0 0 0 1 2 0 1 1 1 0 5/10 11:11 0:00 1:02
Jordan Eberle 0 1 1 1 0 2 1 0 0 0 0/0 10:30 0:21 0:00
Leon Draisaitl 0 1 1 -1 2 2 1 1 0 0 7/18 20:58 3:33 3:43
Mark Giordano 0 0 0 0 0 2 0 0 0 0 0/0 16:26 3:10 0:00
Mattias Ekholm 0 2 2 1 0 2 2 1 0 0 0/0 24:27 3:47 4:33
Mitchell Marner 0 0 0 0 0 4 1 2 1 0 1/4 19:35 3:20 4:03
Pavel Buchnevich 1 0 1 -1 2 6 2 0 1 1 0/1 21:01 3:33 3:35
Phillip Danault 0 0 0 0 0 0 1 0 3 0 5/12 15:09 3:03 0:00
Sam Reinhart 0 0 0 -1 0 3 0 0 1 1 3/4 21:28 3:33 4:26
Players Stats for Hartford Whalers
Player Name G A P +/- PIM S H SB GA TA FO MP PP MP PK MP
------------------------------------------------------------------------------------
Anthony Cirelli 0 0 0 -2 0 2 2 1 1 0 4/5 24:10 4:22 3:21
Charlie McAvoy 0 0 0 0 2 0 2 1 0 0 0/0 25:39 4:42 3:06
Dante Fabbro 0 0 0 -1 0 1 0 1 0 2 0/0 14:36 0:00 1:03
Jaden Schwartz 0 1 1 0 0 1 1 1 1 0 0/0 16:39 4:47 0:00
Josh Anderson 0 0 0 0 0 0 1 1 0 0 0/0 9:10 0:29 0:00
Joshua Norris 0 0 0 0 0 0 0 1 0 0 0/0 1:51 0:00 0:00
Matt Duchene 0 0 0 -1 0 3 1 0 0 0 1/2 24:10 4:06 3:33
Miles Wood 0 0 0 0 2 0 0 1 0 0 0/1 13:42 0:00 0:07
Morgan Frost 0 0 0 -1 0 2 1 0 0 0 10/19 19:09 3:43 0:00
Nick Suzuki 2 0 2 1 0 5 1 0 1 1 14/23 24:50 4:06 3:32
Ryan McDonagh 0 1 1 -1 2 1 1 1 0 1 0/0 21:06 4:41 3:19
Ryan Suter 0 0 0 0 0 0 2 1 0 1 0/0 12:19 0:00 0:07
Samuel Girard 0 1 1 0 0 0 1 1 0 1 0/0 21:21 4:41 3:56
T.J. Oshie 0 0 0 0 0 0 1 0 1 1 0/1 15:25 1:48 0:00
Tom Wilson 0 0 0 0 0 0 4 2 1 0 1/1 19:40 4:48 3:21
Tomas Tatar 0 0 0 0 0 0 0 0 0 0 0/0 1:56 0:00 0:00
Tyler Johnson 0 0 0 0 0 0 0 0 0 0 0/0 2:18 0:00 0:00
Tyler Myers 0 0 0 0 2 1 3 0 0 2 0/0 24:58 4:42 2:23
3 Stars
1 - Nick Suzuki (HFD)
2 - Mattias Ekholm (PIT)
3 - Dylan Guenther (PIT)
Power Play
Pittsburgh Penguins - 1 on 4 Attempt(s) - 25.00%
Hartford Whalers - 1 on 5 Attempt(s) - 20.00%
Penalty Kill
Pittsburgh Penguins - 4 on 5 Attempt(s) - 80.00%
- Score 0 goal in Penalty Kill
Hartford Whalers - 3 on 4 Attempt(s) - 75.00%
- Score 0 goal in Penalty Kill
Team Stat
Pittsburgh Penguins - Hits : 25 - Faceoff Wins : 22 - Blocked Shots : 9 - Penalty Minutes : 10
Hartford Whalers - Hits : 21 - Faceoff Wins : 30 - Blocked Shots : 12 - Penalty Minutes : 8
Official
Referees : Brandon Blandina and Ghislain Hebert
Linesman : Ryan Gibbons and Kilian McNamara
Game Notes
Joshua Norris is injured at 7:56 of 1st period (Left Knee)
Finance
Level 1 -- Attendance: 5770 (57.70%) -- Ticket Income $519,300
Level 2 -- Attendance: 5000 (100.00%) -- Ticket Income $275,000
Level 3 -- Attendance: 2757 (91.90%) -- Ticket Income $82,710
Level 4 -- Attendance: 4622 (92.44%) -- Ticket Income $92,440
Luxury Box -- Attendance: 999 (99.90%) -- Ticket Income $189,810
Game was played at the Hartford Civic Center.
Total Attendance: 19148 (79.78%)
Total Ticket Income: $1,159,260
Other Income: $405,741
Total Income: $1,565,001
Pittsburgh Penguins
5 vs 5 Forward
Center Left Wing Right Wing Time % Phy DF OF
1 Leon Draisaitl Pavel Buchnevich Sam Reinhart 30 1 2 2
2 Phillip Danault Blake Coleman Mitchell Marner 30 1 2 2
3 Jean-Gabriel Pageau Dylan Guenther Jordan Eberle 25 1 2 2
4 Gabriel Vilardi Jake Neighbours James van Riemsdyk 15 1 2 2
5 vs 5 Defense
Defense Defense Time % Phy DF OF
1 Mattias Ekholm Erik Karlsson 35 1 2 2
2 Erik Gudbranson Brock Faber 35 1 2 2
3 Mark Giordano Brian Dumoulin 30 1 2 2
4 Mattias Ekholm Erik Karlsson 0 1 2 2
PowerPlay Forward
Center Left Wing Right Wing Time % Phy DF OF
1 Leon Draisaitl Pavel Buchnevich Sam Reinhart 50 1 2 2
2 Phillip Danault Blake Coleman Mitchell Marner 50 1 2 2
PowerPlay Defense
Defense Defense Time % Phy DF OF
1 Mattias Ekholm Erik Karlsson 50 1 2 2
2 Mark Giordano Brock Faber 50 1 2 2
Penalty Kill 4 Players Forward
Center Wing Time % Phy DF OF
1 Leon Draisaitl Sam Reinhart 50 1 2 2
2 Mitchell Marner Pavel Buchnevich 50 1 2 2
Penalty Kill 4 Players Defense
Defense Defense Time % Phy DF OF
1 Mattias Ekholm Erik Karlsson 50 1 2 2
2 Brian Dumoulin Brock Faber 50 1 2 2
Penalty Kill - 3 Players Forward
Forward Time % Phy DF OF
1 Leon Draisaitl 50 1 2 2
2 Sam Reinhart 50 1 2 2
Penalty Kill - 3 Players Defense
Defense Defense Time % Phy DF OF
1 Mattias Ekholm Erik Karlsson 50 1 2 2
2 Brian Dumoulin Brock Faber 50 1 2 2
4 vs 4 Forward
Center Wing Time % Phy DF OF
1 Leon Draisaitl Sam Reinhart 50 1 2 2
2 Mitchell Marner Pavel Buchnevich 50 1 2 2
4 vs 4 Defense
Defense Defense Time % Phy DF OF
1 Mattias Ekholm Erik Karlsson 50 1 2 2
2 Mark Giordano Brock Faber 50 1 2 2
Last Minutes Offensive
Center Left Wing Right Wing Defense Defense
Leon Draisaitl Pavel Buchnevich Sam Reinhart Mattias Ekholm Erik Karlsson
Last Minutes Defensive
Center Left Wing Right Wing Defense Defense
Leon Draisaitl Pavel Buchnevich Sam Reinhart Mattias Ekholm Erik Karlsson
Goaltenders
Starting : Jordan Binnington
Backup : Marc-Andre Fleury
Extra Forwards
Normal : Jake Neighbours, Jordan Eberle, Sam Reinhart - PP : Jake Neighbours, Jordan Eberle - PK : Leon Draisaitl
Extra Defensemen
Normal : Mark Giordano, Brian Dumoulin, Erik Karlsson - PP : Mark Giordano - PK : Brian Dumoulin, Mattias Ekholm
Penalty Shots
Leon Draisaitl, Sam Reinhart, Mitchell Marner, Pavel Buchnevich, Blake Coleman
Scratches
None
Hartford Whalers
5 vs 5 Forward
Center Left Wing Right Wing Time % Phy DF OF
1 Nick Suzuki Anthony Cirelli Matt Duchene 30 0 2 3
2 Joshua Norris Jaden Schwartz Tom Wilson 30 0 2 3
3 Morgan Frost Miles Wood T.J. Oshie 25 1 3 1
4 Nick Suzuki Josh Anderson Matt Duchene 15 0 2 3
5 vs 5 Defense
Defense Defense Time % Phy DF OF
1 Charlie McAvoy Tyler Myers 30 1 2 2
2 Ryan McDonagh Dante Fabbro 30 1 2 2
3 Ryan Suter Samuel Girard 25 1 2 2
4 Tyler Myers Charlie McAvoy 15 1 2 2
PowerPlay Forward
Center Left Wing Right Wing Time % Phy DF OF
1 Nick Suzuki Anthony Cirelli Matt Duchene 50 0 1 4
2 Joshua Norris Jaden Schwartz Tom Wilson 50 1 1 3
PowerPlay Defense
Defense Defense Time % Phy DF OF
1 Charlie McAvoy Tyler Myers 50 1 2 2
2 Ryan McDonagh Samuel Girard 50 1 2 2
Penalty Kill 4 Players Forward
Center Wing Time % Phy DF OF
1 Nick Suzuki Matt Duchene 50 1 2 2
2 Anthony Cirelli Tom Wilson 50 1 2 2
Penalty Kill 4 Players Defense
Defense Defense Time % Phy DF OF
1 Charlie McAvoy Tyler Myers 50 1 2 2
2 Ryan McDonagh Samuel Girard 50 1 2 2
Penalty Kill - 3 Players Forward
Forward Time % Phy DF OF
1 Nick Suzuki 50 0 5 0
2 Miles Wood 50 1 4 0
Penalty Kill - 3 Players Defense
Defense Defense Time % Phy DF OF
1 Charlie McAvoy Tyler Myers 50 1 4 0
2 Ryan McDonagh Dante Fabbro 50 1 4 0
4 vs 4 Forward
Center Wing Time % Phy DF OF
1 Nick Suzuki Matt Duchene 50 1 2 2
2 Joshua Norris Tom Wilson 50 1 2 2
4 vs 4 Defense
Defense Defense Time % Phy DF OF
1 Charlie McAvoy Tyler Myers 50 1 2 2
2 Ryan McDonagh Ryan Suter 50 1 2 2
Last Minutes Offensive
Center Left Wing Right Wing Defense Defense
Nick Suzuki Anthony Cirelli Matt Duchene Charlie McAvoy Tyler Myers
Last Minutes Defensive
Center Left Wing Right Wing Defense Defense
Nick Suzuki Anthony Cirelli Matt Duchene Charlie McAvoy Tyler Myers
Goaltenders
Starting : Spencer Knight
Backup : Anton Forsberg
Extra Forwards
Normal : Morgan Frost, T.J. Oshie, Miles Wood - PP : Morgan Frost, T.J. Oshie - PK : Miles Wood
Extra Defensemen
Normal : Charlie McAvoy, Samuel Girard, Tyler Myers - PP : Tyler Myers - PK : Ryan McDonagh, Tyler Myers
Penalty Shots
Nick Suzuki, Matt Duchene, Anthony Cirelli, Tom Wilson, Joshua Norris
Scratches
Kaiden Guhle (Healthy)
% Time on Ice - Pittsburgh Penguins
Lines # - Real PCT - Wanted PCT - Time Play
Normal Forward
1 - 30% - 30% - 12:48
2 - 29% - 30% - 12:17
3 - 24% - 25% - 10:09
4 - 18% - 15% - 7:31
Normal Defense
1 - 36% - 35% - 15:22
2 - 36% - 35% - 15:28
3 - 28% - 30% - 11:55
4 - 0% - 0% - 0:00
PP Forward
1 - 51% - 50% - 3:33
2 - 49% - 50% - 3:24
PP Defense
1 - 54% - 50% - 3:47
2 - 46% - 50% - 3:10
PK Forward
1 - 51% - 50% - 4:45
2 - 49% - 50% - 4:38
PK Defense
1 - 48% - 50% - 4:33
2 - 52% - 50% - 4:50
PK3 Forward
1 - 0% - 50%
2 - 0% - 50%
PK3 Defense
1 - 0% - 50%
2 - 0% - 50%
44 Forward
1 - 0% - 50%
2 - 0% - 50%
44 Defense
1 - 0% - 50%
2 - 0% - 50%
Last Minute Offensive - 0:00
Last Minute Defensive - 0:55
Total
Forward - 60:00
Defense - 60:00
|
% Time on Ice - Hartford Whalers
Lines # - Real PCT - Wanted PCT - Time Play
Normal Forward
1 - 23% - 30% - 9:46
2 - 36% - 30% - 15:23
3 - 27% - 25% - 11:29
4 - 14% - 15% - 5:47
Normal Defense
1 - 30% - 30% - 12:50
2 - 33% - 30% - 13:57
3 - 26% - 25% - 10:56
4 - 11% - 15% - 4:42
PP Forward
1 - 44% - 50% - 4:06
2 - 56% - 50% - 5:17
PP Defense
1 - 50% - 50% - 4:42
2 - 50% - 50% - 4:41
PK Forward
1 - 52% - 50% - 3:36
2 - 48% - 50% - 3:21
PK Defense
1 - 43% - 50% - 2:58
2 - 57% - 50% - 3:59
PK3 Forward
1 - 0% - 50%
2 - 0% - 50%
PK3 Defense
1 - 0% - 50%
2 - 0% - 50%
44 Forward
1 - 0% - 50%
2 - 0% - 50%
44 Defense
1 - 0% - 50%
2 - 0% - 50%
Last Minute Offensive - 1:15
Last Minute Defensive - 0:00
Total
Forward - 60:00
Defense - 60:00
|
Play-by-Play
1st period
0:01 of 1st period - Nick Suzuki wins face-off versus Leon Draisaitl in neutral zone.
0:16 of 1st period - Wrist shot by Nick Suzuki.
0:16 of 1st period - Shot Misses the Net.
0:28 of 1st period - Wrist shot by Mitchell Marner.
0:28 of 1st period - Shot Misses the Net.
1:10 of 1st period - Minor Penalty to Miles Wood for Cross-checking.
1:11 of 1st period - Leon Draisaitl wins face-off versus Nick Suzuki in Hartford Whalers zone.
3:10 of 1st period - Penalty to Miles Wood is over, Miles Wood is back on ice.
3:12 of 1st period - Icing by Ryan McDonagh.
3:13 of 1st period - Tom Wilson wins face-off versus Phillip Danault in Hartford Whalers zone.
3:13 of 1st period - Tom Wilson is hit by Mitchell Marner.
3:21 of 1st period - Snap shot by T.J. Oshie.
3:21 of 1st period - Shot Blocked by Erik Gudbranson.
3:29 of 1st period - Wrist shot by Gabriel Vilardi.
3:29 of 1st period - Shot Blocked by Charlie McAvoy.
3:45 of 1st period - Mark Giordano is hit by Tyler Myers and loses puck.
4:06 of 1st period - Brian Dumoulin is hit by Josh Anderson and loses puck.
5:42 of 1st period - Icing by Jean-Gabriel Pageau.
5:43 of 1st period - Nick Suzuki wins face-off versus Jean-Gabriel Pageau in Pittsburgh Penguins zone.
5:48 of 1st period - Wrist shot by Nick Suzuki.
5:48 of 1st period - Stopped by Jordan Binnington with a rebound.
5:50 of 1st period - Slapshot by Ryan McDonagh.
5:50 of 1st period - Deflect By Mark Giordano.
5:50 of 1st period - Stopped by Jordan Binnington with a rebound.
6:02 of 1st period - Snap shot by Phillip Danault.
6:02 of 1st period - Shot Blocked by Tom Wilson.
6:08 of 1st period - Mattias Ekholm is hit by Tom Wilson and loses puck.
6:29 of 1st period - Miles Wood is hit by Gabriel Vilardi and loses puck.
7:56 of 1st period - Snap shot by Leon Draisaitl.
7:56 of 1st period - Shot Blocked by Joshua Norris.
7:56 of 1st period - Joshua Norris from Hartford Whalers is injured at 7:56 of 1st period (Left Knee).
7:57 of 1st period - Nick Suzuki wins face-off versus Phillip Danault in Hartford Whalers zone.
8:10 of 1st period - Snap shot by Anthony Cirelli.
8:10 of 1st period - Shot Misses the Net.
8:12 of 1st period - Slapshot by Ryan McDonagh.
8:12 of 1st period - Shot Blocked by Mitchell Marner.
8:14 of 1st period - Slapshot by Ryan McDonagh.
8:14 of 1st period - Shot Blocked by Brock Faber.
9:22 of 1st period - T.J. Oshie is hit by Phillip Danault and loses puck.
9:34 of 1st period - Off-side.
9:35 of 1st period - Leon Draisaitl wins face-off versus Miles Wood in neutral zone.
9:40 of 1st period - Wrist shot by Leon Draisaitl.
9:40 of 1st period - Shot Hit the Post.
9:42 of 1st period - Wrist shot by Leon Draisaitl.
9:42 of 1st period - Shot Misses the Net.
9:44 of 1st period - Slapshot by Pavel Buchnevich.
9:44 of 1st period - Deflect By Tom Wilson.
9:44 of 1st period - Stopped by Spencer Knight with a rebound.
9:46 of 1st period - Snap shot by Pavel Buchnevich.
9:46 of 1st period - Shot Hit the Post.
9:48 of 1st period - Snap shot by Pavel Buchnevich.
9:48 of 1st period - Stopped by Spencer Knight with a rebound.
9:50 of 1st period - Wrist shot by Leon Draisaitl.
9:50 of 1st period - Deflect By Pavel Buchnevich.
9:50 of 1st period - Shot Misses the Net.
9:50 of 1st period - Puck is out of play.
9:51 of 1st period - Matt Duchene wins face-off versus Phillip Danault in Hartford Whalers zone.
9:58 of 1st period - Wrist shot by Nick Suzuki.
9:58 of 1st period - Shot Misses the Net.
10:06 of 1st period - Snap shot by Mitchell Marner.
10:06 of 1st period - Stopped by Spencer Knight with a rebound.
10:08 of 1st period - Slapshot by Brock Faber.
10:08 of 1st period - Stopped by Spencer Knight without a rebound.
10:09 of 1st period - Sam Reinhart wins face-off versus Morgan Frost in Hartford Whalers zone.
10:20 of 1st period - Wrist shot by Leon Draisaitl.
10:20 of 1st period - Stopped by Spencer Knight with a rebound.
10:22 of 1st period - Slapshot by Mark Giordano.
10:22 of 1st period - Shot Blocked by Jaden Schwartz.
10:24 of 1st period - Wrist shot by Pavel Buchnevich.
10:24 of 1st period - Shot Misses the Net.
10:42 of 1st period - Wrist shot by Jordan Eberle.
10:42 of 1st period - Shot Misses the Net.
10:44 of 1st period - Backhand shot by Jean-Gabriel Pageau.
10:44 of 1st period - Shot Misses the Net.
10:46 of 1st period - Slapshot by Brock Faber.
10:46 of 1st period - Shot Misses the Net.
11:00 of 1st period - Samuel Girard is hit by Brock Faber and loses puck.
11:44 of 1st period - Off-side.
11:45 of 1st period - Nick Suzuki wins face-off versus Leon Draisaitl in neutral zone.
11:48 of 1st period - Pavel Buchnevich is hit by Charlie McAvoy and loses puck.
13:14 of 1st period - Miles Wood is hit by Blake Coleman and loses puck.
14:36 of 1st period - Slapshot by Jordan Eberle.
14:36 of 1st period - Shot Misses the Net.
14:38 of 1st period - Slapshot by Mattias Ekholm.
14:38 of 1st period - Deflect By Dylan Guenther.
14:38 of 1st period - Goal by Dylan Guenther - Pittsburgh Penguins : 1 - Hartford Whalers : 0.
14:39 of 1st period - Leon Draisaitl wins face-off versus Nick Suzuki in neutral zone.
14:50 of 1st period - Snap shot by Matt Duchene.
14:50 of 1st period - Shot Blocked by Leon Draisaitl.
15:04 of 1st period - Brian Dumoulin is hit by T.J. Oshie and loses puck.
15:23 of 1st period - Snap shot by Jaden Schwartz.
15:23 of 1st period - Shot Blocked by Brock Faber.
15:25 of 1st period - Slapshot by Jaden Schwartz.
15:25 of 1st period - Stopped by Jordan Binnington with a rebound.
15:27 of 1st period - Slapshot by Dante Fabbro.
15:27 of 1st period - Shot Blocked by Jean-Gabriel Pageau.
15:29 of 1st period - Snap shot by Dante Fabbro.
15:29 of 1st period - Stopped by Jordan Binnington without a rebound.
15:30 of 1st period - Nick Suzuki wins face-off versus Leon Draisaitl in Pittsburgh Penguins zone.
15:33 of 1st period - Snap shot by Nick Suzuki.
15:33 of 1st period - Shot Misses the Net.
16:04 of 1st period - Snap shot by Jordan Eberle.
16:04 of 1st period - Deflect By Jean-Gabriel Pageau.
16:04 of 1st period - Shot Misses the Net.
16:04 of 1st period - Puck is out of play.
16:05 of 1st period - Phillip Danault wins face-off versus Morgan Frost in Hartford Whalers zone.
16:10 of 1st period - Wrist shot by Mitchell Marner.
16:10 of 1st period - Stopped by Spencer Knight with a rebound.
16:35 of 1st period - Minor Penalty to Charlie McAvoy for Interference.
16:36 of 1st period - Phillip Danault wins face-off versus Matt Duchene in Hartford Whalers zone.
16:40 of 1st period - Snap shot by Blake Coleman.
16:40 of 1st period - Shot Misses the Net.
17:25 of 1st period - Wrist shot by Pavel Buchnevich.
17:25 of 1st period - Shot Misses the Net.
17:35 of 1st period - Snap shot by Pavel Buchnevich.
17:35 of 1st period - Goal by Pavel Buchnevich - Pittsburgh Penguins : 2 - Hartford Whalers : 0.
17:36 of 1st period - Phillip Danault wins face-off versus Nick Suzuki in neutral zone.
18:03 of 1st period - Tyler Myers is hit by Dylan Guenther and loses puck.
18:08 of 1st period - Slapshot by Jordan Eberle.
18:08 of 1st period - Shot Misses the Net.
18:10 of 1st period - Slapshot by Brian Dumoulin.
18:10 of 1st period - Deflect By Dylan Guenther.
18:10 of 1st period - Shot Blocked by Anthony Cirelli.
18:10 of 1st period - Puck is out of play.
18:11 of 1st period - Morgan Frost wins face-off versus Leon Draisaitl in Hartford Whalers zone.
18:28 of 1st period - Snap shot by Leon Draisaitl.
18:28 of 1st period - Stopped by Spencer Knight without a rebound.
18:29 of 1st period - Nick Suzuki wins face-off versus Phillip Danault in Hartford Whalers zone.
18:29 of 1st period - Nick Suzuki is hit by Brock Faber.
18:37 of 1st period - Snap shot by Anthony Cirelli.
18:37 of 1st period - Stopped by Jordan Binnington with a rebound.
18:43 of 1st period - Matt Duchene is hit by Blake Coleman and loses puck.
18:56 of 1st period - Morgan Frost is hit by Brock Faber and loses puck.
19:42 of 1st period - Off-side.
19:43 of 1st period - Morgan Frost wins face-off versus Jean-Gabriel Pageau in neutral zone.
19:54 of 1st period - Wrist shot by Dylan Guenther.
19:54 of 1st period - Shot Misses the Net.
19:56 of 1st period - Snap shot by Mattias Ekholm.
19:56 of 1st period - Stopped by Spencer Knight with a rebound.
19:58 of 1st period - Wrist shot by Jordan Eberle.
19:58 of 1st period - Stopped by Spencer Knight without a rebound.
19:59 of 1st period - Anthony Cirelli wins face-off versus Mitchell Marner in Hartford Whalers zone.
19:59 of 1st period - Anthony Cirelli is hit by Blake Coleman.
Goals for this period are 2 for Pittsburgh Penguins vs 0 for Hartford Whalers.
Shots for this period are 11 for Pittsburgh Penguins vs 5 for Hartford Whalers.
2nd period
0:01 of 2nd period - Nick Suzuki wins face-off versus Jean-Gabriel Pageau in neutral zone.
0:12 of 2nd period - Backhand shot by Matt Duchene.
0:12 of 2nd period - Stopped by Jordan Binnington with a rebound.
0:26 of 2nd period - Minor Penalty to Jean-Gabriel Pageau for Holding.
0:27 of 2nd period - Morgan Frost wins face-off versus Leon Draisaitl in Pittsburgh Penguins zone.
2:26 of 2nd period - Penalty to Jean-Gabriel Pageau is over, Jean-Gabriel Pageau is back on ice.
4:08 of 2nd period - Anthony Cirelli is hit by Brock Faber and loses puck.
4:21 of 2nd period - Tomas Tatar is hit by Jean-Gabriel Pageau and loses puck.
4:48 of 2nd period - Tom Wilson is hit by Blake Coleman and loses puck.
5:17 of 2nd period - Nick Suzuki is hit by Pavel Buchnevich and loses puck.
5:24 of 2nd period - Erik Karlsson is hit by Ryan McDonagh and loses puck.
5:29 of 2nd period - Snap shot by Nick Suzuki.
5:29 of 2nd period - Stopped by Jordan Binnington with a rebound.
5:31 of 2nd period - Snap shot by Nick Suzuki.
5:31 of 2nd period - Goal by Nick Suzuki - Pittsburgh Penguins : 2 - Hartford Whalers : 1.
5:32 of 2nd period - Phillip Danault wins face-off versus Morgan Frost in neutral zone.
5:47 of 2nd period - Phillip Danault is hit by Ryan Suter and loses puck.
6:49 of 2nd period - Slapshot by Brock Faber.
6:49 of 2nd period - Shot Misses the Net.
6:51 of 2nd period - Slapshot by Brock Faber.
6:51 of 2nd period - Stopped by Spencer Knight with a rebound.
6:53 of 2nd period - Backhand shot by Dylan Guenther.
6:53 of 2nd period - Shot Misses the Net.
6:55 of 2nd period - Snap shot by Jordan Eberle.
6:55 of 2nd period - Shot Misses the Net.
7:29 of 2nd period - Slapshot by Gabriel Vilardi.
7:29 of 2nd period - Stopped by Spencer Knight without a rebound.
7:30 of 2nd period - Anthony Cirelli wins face-off versus Gabriel Vilardi in Hartford Whalers zone.
7:55 of 2nd period - Mitchell Marner is hit by Tyler Myers and loses puck.
8:02 of 2nd period - Snap shot by Morgan Frost.
8:02 of 2nd period - Stopped by Jordan Binnington without a rebound.
8:03 of 2nd period - Nick Suzuki wins face-off versus Mitchell Marner in Pittsburgh Penguins zone.
8:04 of 2nd period - Wrist shot by Matt Duchene.
8:04 of 2nd period - Stopped by Jordan Binnington without a rebound.
8:05 of 2nd period - Phillip Danault wins face-off versus Nick Suzuki in Pittsburgh Penguins zone.
8:10 of 2nd period - Backhand shot by Blake Coleman.
8:10 of 2nd period - Stopped by Spencer Knight without a rebound.
8:11 of 2nd period - Nick Suzuki wins face-off versus Phillip Danault in Hartford Whalers zone.
8:42 of 2nd period - Snap shot by Phillip Danault.
8:42 of 2nd period - Shot Misses the Net.
9:05 of 2nd period - Wrist shot by Matt Duchene.
9:05 of 2nd period - Shot Misses the Net.
9:07 of 2nd period - Snap shot by Tyler Myers.
9:07 of 2nd period - Stopped by Jordan Binnington with a rebound.
9:09 of 2nd period - Wrist shot by Matt Duchene.
9:09 of 2nd period - Stopped by Jordan Binnington with a rebound.
9:11 of 2nd period - Wrist shot by Anthony Cirelli.
9:11 of 2nd period - Deflect By Nick Suzuki.
9:11 of 2nd period - Shot Misses the Net.
9:11 of 2nd period - Puck is out of play.
9:12 of 2nd period - Leon Draisaitl wins face-off versus Morgan Frost in Pittsburgh Penguins zone.
9:16 of 2nd period - Minor Penalty to Pavel Buchnevich for Hooking.
9:17 of 2nd period - Leon Draisaitl wins face-off versus Morgan Frost in Pittsburgh Penguins zone.
9:43 of 2nd period - Dylan Guenther is hit by Samuel Girard and loses puck.
10:16 of 2nd period - Charlie McAvoy is hit by Mattias Ekholm and loses puck.
10:49 of 2nd period - Brian Dumoulin is hit by Morgan Frost and loses puck.
11:10 of 2nd period - Jean-Gabriel Pageau is hit by Tom Wilson and loses puck.
11:16 of 2nd period - Penalty to Pavel Buchnevich is over, Pavel Buchnevich is back on ice.
11:39 of 2nd period - Charlie McAvoy is hit by Leon Draisaitl.
12:26 of 2nd period - Dante Fabbro is hit by Gabriel Vilardi and loses puck.
13:11 of 2nd period - Slapshot by Sam Reinhart.
13:11 of 2nd period - Shot Misses the Net.
13:13 of 2nd period - Wrist shot by Mark Giordano.
13:13 of 2nd period - Stopped by Spencer Knight with a rebound.
13:15 of 2nd period - Slapshot by Brian Dumoulin.
13:15 of 2nd period - Deflect By Pavel Buchnevich.
13:15 of 2nd period - Stopped by Spencer Knight without a rebound.
13:16 of 2nd period - Jean-Gabriel Pageau wins face-off versus Nick Suzuki in Hartford Whalers zone.
13:19 of 2nd period - Snap shot by Dylan Guenther.
13:19 of 2nd period - Stopped by Spencer Knight with a rebound.
13:21 of 2nd period - Slapshot by Jordan Eberle.
13:21 of 2nd period - Stopped by Spencer Knight without a rebound.
13:22 of 2nd period - Jean-Gabriel Pageau wins face-off versus T.J. Oshie in Hartford Whalers zone.
13:34 of 2nd period - Icing by Dante Fabbro.
13:35 of 2nd period - Morgan Frost wins face-off versus Leon Draisaitl in Hartford Whalers zone.
13:39 of 2nd period - Off-side.
13:40 of 2nd period - Nick Suzuki wins face-off versus Leon Draisaitl in neutral zone.
13:55 of 2nd period - Slapshot by Sam Reinhart.
13:55 of 2nd period - Shot Misses the Net.
13:57 of 2nd period - Slapshot by Mattias Ekholm.
13:57 of 2nd period - Shot Blocked by Dante Fabbro.
14:12 of 2nd period - Snap shot by Erik Karlsson.
14:12 of 2nd period - Stopped by Spencer Knight with a rebound.
14:14 of 2nd period - Snap shot by Blake Coleman.
14:14 of 2nd period - Shot Blocked by Miles Wood.
14:16 of 2nd period - Wrist shot by Blake Coleman.
14:16 of 2nd period - Deflect By Mitchell Marner.
14:16 of 2nd period - Stopped by Spencer Knight without a rebound.
14:17 of 2nd period - Jean-Gabriel Pageau wins face-off versus Morgan Frost in Hartford Whalers zone.
14:28 of 2nd period - Wrist shot by Jordan Eberle.
14:28 of 2nd period - Deflect By Dylan Guenther.
14:28 of 2nd period - Stopped by Spencer Knight without a rebound.
14:29 of 2nd period - Sam Reinhart wins face-off versus Nick Suzuki in Hartford Whalers zone.
14:38 of 2nd period - Pavel Buchnevich is hit by Nick Suzuki and loses puck.
14:55 of 2nd period - Mark Giordano is hit by Tom Wilson and loses puck.
15:16 of 2nd period - Mark Giordano is hit by Ryan Suter and loses puck.
15:31 of 2nd period - Slapshot by Pavel Buchnevich.
15:31 of 2nd period - Stopped by Spencer Knight with a rebound.
15:48 of 2nd period - Snap shot by Leon Draisaitl.
15:48 of 2nd period - Shot Misses the Net.
15:50 of 2nd period - Slapshot by Mark Giordano.
15:50 of 2nd period - Stopped by Spencer Knight with a rebound.
15:52 of 2nd period - Backhand shot by Brian Dumoulin.
15:52 of 2nd period - Stopped by Spencer Knight without a rebound.
15:53 of 2nd period - Nick Suzuki wins face-off versus Jean-Gabriel Pageau in Hartford Whalers zone.
15:53 of 2nd period - Nick Suzuki is hit by Dylan Guenther.
16:05 of 2nd period - Wrist shot by Nick Suzuki.
16:05 of 2nd period - Shot Misses the Net.
16:12 of 2nd period - Minor Penalty to Tyler Myers for Slashing.
16:13 of 2nd period - Anthony Cirelli wins face-off versus Phillip Danault in Hartford Whalers zone.
16:13 of 2nd period - Anthony Cirelli is hit by Blake Coleman.
16:54 of 2nd period - Slapshot by Mattias Ekholm.
16:54 of 2nd period - Shot Blocked by Samuel Girard.
17:58 of 2nd period - Charlie McAvoy is hit by Mattias Ekholm and loses puck.
18:12 of 2nd period - Penalty to Tyler Myers is over, Tyler Myers is back on ice.
18:34 of 2nd period - Minor Penalty to Erik Gudbranson for Roughing.
18:35 of 2nd period - Morgan Frost wins face-off versus Leon Draisaitl in Pittsburgh Penguins zone.
18:37 of 2nd period - Snap shot by Jaden Schwartz.
18:37 of 2nd period - Deflect By Tom Wilson.
18:37 of 2nd period - Shot Misses the Net.
18:37 of 2nd period - Puck is out of play.
18:38 of 2nd period - Sam Reinhart wins face-off versus Morgan Frost in Pittsburgh Penguins zone.
19:05 of 2nd period - Snap shot by Nick Suzuki.
19:05 of 2nd period - Stopped by Jordan Binnington with a rebound.
19:07 of 2nd period - Slapshot by Samuel Girard.
19:07 of 2nd period - Shot Blocked by Mitchell Marner.
Goals for this period are 0 for Pittsburgh Penguins vs 1 for Hartford Whalers.
Shots for this period are 13 for Pittsburgh Penguins vs 8 for Hartford Whalers.
3rd period
0:01 of 3rd period - Nick Suzuki wins face-off versus Sam Reinhart in neutral zone.
0:04 of 3rd period - Wrist shot by Matt Duchene.
0:04 of 3rd period - Shot Blocked by Mattias Ekholm.
0:34 of 3rd period - Penalty to Erik Gudbranson is over, Erik Gudbranson is back on ice.
0:43 of 3rd period - Wrist shot by Pavel Buchnevich.
0:43 of 3rd period - Deflect By Mitchell Marner.
0:43 of 3rd period - Shot Misses the Net.
0:43 of 3rd period - Puck is out of play.
0:44 of 3rd period - Jean-Gabriel Pageau wins face-off versus Morgan Frost in Hartford Whalers zone.
0:51 of 3rd period - Snap shot by Jean-Gabriel Pageau.
0:51 of 3rd period - Shot Blocked by Ryan McDonagh.
0:53 of 3rd period - Snap shot by Dylan Guenther.
0:53 of 3rd period - Shot Misses the Net.
0:55 of 3rd period - Wrist shot by Jean-Gabriel Pageau.
0:55 of 3rd period - Shot Misses the Net.
0:57 of 3rd period - Wrist shot by Dylan Guenther.
0:57 of 3rd period - Stopped by Spencer Knight without a rebound.
0:58 of 3rd period - Morgan Frost wins face-off versus Phillip Danault in Hartford Whalers zone.
1:19 of 3rd period - Erik Gudbranson is hit by Jaden Schwartz and loses puck.
1:32 of 3rd period - Snap shot by Pavel Buchnevich.
1:32 of 3rd period - Shot Misses the Net.
1:46 of 3rd period - Minor Penalty to Leon Draisaitl for Holding.
1:47 of 3rd period - Nick Suzuki wins face-off versus Pavel Buchnevich in Pittsburgh Penguins zone.
3:34 of 3rd period - Mitchell Marner is hit by Anthony Cirelli and loses puck.
3:46 of 3rd period - Penalty to Leon Draisaitl is over, Leon Draisaitl is back on ice.
4:03 of 3rd period - Snap shot by Brock Faber.
4:03 of 3rd period - Shot Blocked by Josh Anderson.
5:56 of 3rd period - T.J. Oshie is hit by Erik Gudbranson and loses puck.
6:19 of 3rd period - Mitchell Marner is hit by Charlie McAvoy and loses puck.
7:00 of 3rd period - Ryan McDonagh is hit by Jake Neighbours and loses puck.
7:19 of 3rd period - Dante Fabbro is hit by Jordan Eberle and loses puck.
7:56 of 3rd period - Blake Coleman is hit by Anthony Cirelli and loses puck.
8:05 of 3rd period - Matt Duchene is hit by Jake Neighbours and loses puck.
8:35 of 3rd period - Snap shot by Anthony Cirelli.
8:35 of 3rd period - Stopped by Jordan Binnington without a rebound.
8:36 of 3rd period - Morgan Frost wins face-off versus Leon Draisaitl in Pittsburgh Penguins zone.
8:37 of 3rd period - Snap shot by T.J. Oshie.
8:37 of 3rd period - Shot Misses the Net.
8:42 of 3rd period - Off-side.
8:43 of 3rd period - Morgan Frost wins face-off versus Leon Draisaitl in neutral zone.
8:58 of 3rd period - Snap shot by Sam Reinhart.
8:58 of 3rd period - Stopped by Spencer Knight with a rebound.
9:08 of 3rd period - Snap shot by Sam Reinhart.
9:08 of 3rd period - Shot Misses the Net.
9:10 of 3rd period - Snap shot by Leon Draisaitl.
9:10 of 3rd period - Shot Misses the Net.
9:12 of 3rd period - Snap shot by Pavel Buchnevich.
9:12 of 3rd period - Stopped by Spencer Knight with a rebound.
9:14 of 3rd period - Wrist shot by Sam Reinhart.
9:14 of 3rd period - Stopped by Spencer Knight without a rebound.
9:15 of 3rd period - Jean-Gabriel Pageau wins face-off versus Nick Suzuki in Hartford Whalers zone.
9:48 of 3rd period - Off-side.
9:49 of 3rd period - Leon Draisaitl wins face-off versus Nick Suzuki in neutral zone.
10:12 of 3rd period - Snap shot by Leon Draisaitl.
10:12 of 3rd period - Shot Misses the Net.
10:14 of 3rd period - Wrist shot by Phillip Danault.
10:14 of 3rd period - Shot Blocked by Ryan Suter.
10:16 of 3rd period - Slapshot by Mitchell Marner.
10:16 of 3rd period - Stopped by Spencer Knight with a rebound.
10:36 of 3rd period - Wrist shot by James van Riemsdyk.
10:36 of 3rd period - Shot Misses the Net.
10:38 of 3rd period - Slapshot by Mark Giordano.
10:38 of 3rd period - Deflect By James van Riemsdyk.
10:38 of 3rd period - Stopped by Spencer Knight with a rebound.
11:00 of 3rd period - Jordan Eberle is hit by Tyler Myers and loses puck.
11:26 of 3rd period - Snap shot by Leon Draisaitl.
11:26 of 3rd period - Shot Misses the Net.
12:02 of 3rd period - Snap shot by Gabriel Vilardi.
12:02 of 3rd period - Shot Misses the Net.
12:04 of 3rd period - Backhand shot by Erik Karlsson.
12:04 of 3rd period - Shot Blocked by Tom Wilson.
12:06 of 3rd period - Snap shot by Jake Neighbours.
12:06 of 3rd period - Stopped by Spencer Knight with a rebound.
12:08 of 3rd period - Snap shot by Mattias Ekholm.
12:08 of 3rd period - Deflect By Jaden Schwartz.
12:08 of 3rd period - Stopped by Spencer Knight with a rebound.
12:10 of 3rd period - Snap shot by Gabriel Vilardi.
12:10 of 3rd period - Goal by Gabriel Vilardi - Pittsburgh Penguins : 3 - Hartford Whalers : 1.
12:11 of 3rd period - Nick Suzuki wins face-off versus Dylan Guenther in neutral zone.
12:13 of 3rd period - Minor Penalty to Ryan McDonagh for Hooking.
12:14 of 3rd period - Leon Draisaitl wins face-off versus Anthony Cirelli in Hartford Whalers zone.
12:18 of 3rd period - Wrist shot by Sam Reinhart.
12:18 of 3rd period - Stopped by Spencer Knight with a rebound.
12:40 of 3rd period - Mark Giordano is hit by Matt Duchene and loses puck.
14:13 of 3rd period - Penalty to Ryan McDonagh is over, Ryan McDonagh is back on ice.
14:19 of 3rd period - Snap shot by Morgan Frost.
14:19 of 3rd period - Stopped by Jordan Binnington with a rebound.
14:45 of 3rd period - Minor Penalty to Erik Gudbranson for Holding.
14:46 of 3rd period - Morgan Frost wins face-off versus Mitchell Marner in Pittsburgh Penguins zone.
14:59 of 3rd period - Snap shot by Jaden Schwartz.
14:59 of 3rd period - Shot Misses the Net.
15:58 of 3rd period - Icing by Jaden Schwartz.
15:59 of 3rd period - Mitchell Marner wins face-off versus Morgan Frost in Hartford Whalers zone.
16:10 of 3rd period - Wrist shot by Samuel Girard.
16:10 of 3rd period - Shot Blocked by Brian Dumoulin.
16:12 of 3rd period - Slapshot by Samuel Girard.
16:12 of 3rd period - Deflect By Nick Suzuki.
16:12 of 3rd period - Goal by Nick Suzuki - Pittsburgh Penguins : 3 - Hartford Whalers : 2.
16:13 of 3rd period - Dylan Guenther wins face-off versus Nick Suzuki in neutral zone.
16:57 of 3rd period - Snap shot by Anthony Cirelli.
16:57 of 3rd period - Deflect By Tom Wilson.
16:57 of 3rd period - Shot Misses the Net.
16:57 of 3rd period - Puck is out of play.
16:58 of 3rd period - Anthony Cirelli wins face-off versus Leon Draisaitl in Pittsburgh Penguins zone.
17:29 of 3rd period - Backhand shot by Pavel Buchnevich.
17:29 of 3rd period - Shot Hit the Post.
17:31 of 3rd period - Slapshot by Leon Draisaitl.
17:31 of 3rd period - Deflect By Pavel Buchnevich.
17:31 of 3rd period - Shot Misses the Net.
17:31 of 3rd period - Puck is out of play.
17:32 of 3rd period - Morgan Frost wins face-off versus Jean-Gabriel Pageau in Hartford Whalers zone.
18:18 of 3rd period - Blake Coleman is hit by Tom Wilson and loses puck.
18:31 of 3rd period - Hartford Whalers, Spencer Knight is pulled from the net.
19:01 of 3rd period - Snap shot by Matt Duchene.
19:01 of 3rd period - Shot Misses the Net.
19:27 of 3rd period - Ryan Suter is hit by Pavel Buchnevich and loses puck.
Goals for this period are 1 for Pittsburgh Penguins vs 1 for Hartford Whalers.
Shots for this period are 10 for Pittsburgh Penguins vs 3 for Hartford Whalers.
Back to the Top